 Dungeon Crawl Stone Soup version 0.32-a0-433-g08bcfe7efd (webtiles) character file.

Game seed: 11587669895459676374

53 horus123 the Cudgeller (level 3, -2/31 HPs)
             Began as a Mountain Dwarf Fighter on Feb 22, 2024.
             Was an Initiate of Beogh.
             Slain by a gnoll
             ... wielding a +0 club
              (7 damage)
             ... on level 3 of the Dungeon.
             The game lasted 00:03:07 (1606 turns).

horus123 the Cudgeller (Mountain Dwarf Fighter)     Turns: 1606, Time: 00:03:07

Health: -2/31      AC:  6    Str: 20    XL:     3   Next: 64%
Magic:  3/3        EV:  9    Int:  8    God:    Beogh [......]
Gold:   132        SH:  4    Dex:  9    Spells: 2/2 levels left

rFire   . . .        a - +0 flail
rCold   . . .        c - +0 buckler
rNeg    . . .        b - +0 scale mail
rPois   .            (no helmet)
rElec   .            (no cloak)
rCorr   .            (no gloves)
SInv    .            (no boots)
Will    .....        (no amulet) Stlth
                     (no ring)
HPRegen 0.25/turn    (no ring)
MPRegen 0.08/turn

%: no passive effects
@: no status effects
A: runic magic, artefact enchanting
a: Renounce Religion


You were on level 3 of the Dungeon.
You worshipped Beogh.
Beogh was noncommittal.
You visited 1 branch of the dungeon, and saw 3 of its levels.

You collected 132 gold pieces.

Inventory:

Hand Weapons
 a - a +0 flail (weapon)
Armour
 b - a +0 scale mail (worn)
 c - a +0 buckler (worn)
Scrolls
 e - a scroll of poison {unknown}
 i - a scroll of identify {unknown}
Potions
 d - a potion of might
 f - a potion of magic {unknown}
 g - a potion of brilliance {unknown}
 h - a potion of attraction {unknown}
 j - a potion of curing {unknown}


   Skills:
 - Level 3.2 Fighting
 + Level 4.9 Maces & Flails
 - Level 3.2 Armour
 - Level 3.2 Shields


You had 2 spell levels left.
You didn't know any spells.
Your spell library contained the following spells:

 Spells                   Type           Power      Damage    Failure   Level
 Call Canine Familiar     Summ           0%         N/A       91%         3
 Sigil of Binding         Hex            0%         N/A       91%         3
 Tukima's Dance           Hex            0%         N/A       91%         3
 Dimensional Bullseye     Hex/Tloc       0%         N/A       100%        4
 Iskenderun's Mystic Bla  Conj/Tloc      0%         2d3       100%        4


Dungeon Overview and Level Annotations

Branches:
Dungeon (3/15)

Altars:


Innate Abilities, Weirdness & Mutations

Your spellcasting is much less encumbered by armour.
You can use scrolls of enchantment on lesser artefacts.


Message History

No target in view!
No target in view!
No target in view!
There is a stone staircase leading up here.
Okay, then.
You climb upwards.
The gnoll shouts! x3; You hear an angry hiss.
There is a stone staircase leading down here.
You hit the gnoll.
The gnoll is lightly wounded.
You block the gnoll's attack. The gnoll hits you with a +0 club.
The gnoll hits you from afar with a +0 halberd.
The gnoll barely misses you. x2; The gnoll closely misses you.
The gnoll barely misses you. The gnoll completely misses you.
The gnoll hits you with a +0 club. The gnoll hits you but does no damage.
The gnoll barely misses you.
You climb downwards.
There is a stone staircase leading up here.
The gnoll closely misses you. You block the gnoll's attack.
You hit the gnoll.
The gnoll is lightly wounded.
The gnoll hits you with a +0 flail. The gnoll hits you with a +0 club.
You hit the gnoll.
The gnoll is moderately wounded.
The gnoll closely misses you. The gnoll barely misses you.
You barely miss the gnoll.
The gnoll is moderately wounded.
The gnoll hits you but does no damage. The gnoll barely misses you.
You closely miss the gnoll.
The gnoll is moderately wounded.
The gnoll hits you with a +0 flail.
* * * LOW HITPOINT WARNING * * *
The gnoll hits you with a +0 club.
* * * LOW HITPOINT WARNING * * *
You hit the gnoll.
The gnoll is severely wounded.
You block the gnoll's attack. The gnoll hits you with a +0 club.
* * * LOW HITPOINT WARNING * * *
The gnoll hits you with a +0 club!
You die...

#.#.######.# #.# #########.#.#
#.# #.# #...........######.#
#.#####...........#......####
#.#.........................#
#.#.###.....................#
#.#.........................#
#.#.........................#
##.#.###.....g@..............#
###<...........g<#+#...........#
..................>............#
....##.#.......#...............#
....##.#.#####.#...............#
....##.#....................####
....##.# ......###.##########
....##.+ ...... #.# ....# ##
..... #.#


You could see 2 gnolls.

Vanquished Creatures
  3 adders (D:2)
  A ribbon worm (D:3)
  An orc (D:2)
  6 endoplasms
  A giant cockroach (D:1)
  2 goblins
  2 hobgoblins
  2 ball pythons
  A bat (D:3)
  4 frilled lizards
  A rat (D:1)
24 creatures vanquished.

Notes
Turn   | Place    | Note
-------+----------+-------------------------------------------
     0 | D:1      | horus123 the Mountain Dwarf Fighter began the quest for the
                  | Orb.
     0 | D:1      | Reached XP level 1. HP: 19/19 MP: 1/1
   255 | D:1      | Reached skill level 3 in Maces & Flails
   370 | D:1      | Reached XP level 2. HP: 13/26 MP: 2/2
   682 | D:1      | Found a faded altar of an unknown god.
  1058 | D:2      | Reached skill level 4 in Maces & Flails
  1122 | D:2      | Became a worshipper of Beogh the Shepherd
  1221 | D:2      | Reached XP level 3. HP: 31/31 MP: 3/3
  1606 | D:3      | Slain by a gnoll

Illustrated notes

Levels and vault maps discovered:
D:1:      heliophobic_arrival_henge, layout_basic,
          shapermc_ecumenical_altar_acropolis
D:2:      layout_basic
D:3:      layout_basic, minmay_box_of_dots

Skill      XL: |  1  2 |
---------------+-------+-----
Maces & Flails | 3 4 |  4.9
Fighting       | |  3.2
Armour         | |  3.2
Shields        | |  3.2

Action                     || total
---------------------------++-------
  Melee: Flail             ||    99
 Invoke: Convert to Beogh  ||     1
 Armour: Scale mail        ||    81
  Dodge: Dodged            ||    49
  Block: Buckler           ||    11

Table legend: (Time is in decaauts)
 A = Elapsed time spent in this place.
 B = Non-inter-level travel time spent in this place.
 C = Inter-level travel time spent in this place.
 D = Time resting spent in this place.
 E = Time spent auto-exploring this place.
 F = Levels seen in this place.
 G = Mean time per level.
                   A        B        C        D        E       F      G
               +--------+--------+--------+--------+--------+-----+--------+
         Total |   1631 |   1601 |     30 |    110 |   1234 |   3 |  543.7 |
       Dungeon |   1631 |   1601 |     30 |    110 |   1234 |   3 |  543.7 |
               +--------+--------+--------+--------+--------+-----+--------+

Top non-repeatable levels by time:
     D:1: 1049 daAuts
     D:2: 432 daAuts
     D:3: 148 daAuts
